 Dungeon Crawl Stone Soup version 0.26-a0-651-gb41185065b (webtiles) character file.

Game seed: 7958655143904459999

1997 Flugslaktarn the Chopper (level 9, 81/127 HPs)
             Began as a Deep Dwarf Fighter on Oct 7, 2020.
             Quit the game on level 7 of the Dungeon.
             The game lasted 00:02:44 (2639 turns).

Flugslaktarn the Chopper (Deep Dwarf Fighter)       Turns: 2639, Time: 00:02:44

Health: 81/127     AC: 24    Str: 20    XL:     9   Next: 2%
Magic:  2/2        EV:  2    Int:  9    God:
Gold:   367        SH: 11    Dex: 15    Spells: 8/8 levels left

rFire    . . .     SeeInvis .   w - +0 broad axe
rCold    . . .     Faith    .   c - +1 kite shield
rNeg     + + +     Spirit   .   (armour currently unavailable)
rPois    +         Reflect  .   (helmet currently unavailable)
rElec    .         Harm     .   (cloak currently unavailable)
rCorr    .         Rampage  .   (gloves currently unavailable)
MR       +....     NoTele   +   (boots currently unavailable)
Stlth    +.........             (no amulet)
HPRegen  0.00/turn              (no ring)
MPRegen  0.08/turn              (no ring)

@: tree-form, non-regenerating
A: damage resistance, heal wounds, sense surroundings 2, no regeneration
a: Heal Wounds


You were on level 7 of the Dungeon.
You were a tree.
You visited 2 branches of the dungeon, and saw 8 of its levels.

You collected 367 gold pieces.

Inventory:

Hand Weapons
 w - a +0 broad axe (weapon)
   (You took it off an orc warrior on level 6 of the Dungeon)
Armour
 c - a +1 kite shield (worn)
 e - a +0 chain mail (melded)
   (You found it on level 4 of the Dungeon)
Jewellery
 l - an uncursed amulet of faith {unknown}
   (You found it on level 4 of the Dungeon)
 p - an uncursed ring of poison resistance {unknown}
   (You found it on level 6 of the Dungeon)
Wands
 o - a wand of iceblast (11)
   (You found it on level 5 of the Dungeon)
 s - a wand of digging (5)
   (You found it on level 6 of the Dungeon)
Scrolls
 b - 2 scrolls of random uselessness {unknown}
 g - 3 scrolls of fear
 i - 2 scrolls of blinking {unknown}
 k - 2 scrolls of immolation {unknown}
 q - 4 scrolls of remove curse {unknown}
 r - 3 scrolls of identify
 t - a scroll of teleportation
 v - 2 scrolls of magic mapping {unknown}
 x - a scroll of enchant weapon {unknown}
Potions
 d - a potion of might
 f - a potion of haste {unknown}
 h - 3 potions of berserk rage
 j - 5 potions of curing {unknown}
 m - a potion of invisibility {unknown}
 n - a potion of resistance
 u - 3 potions of stabbing {unknown}


   Skills:
 * Level 6.8 Fighting
 * Level 7.7 Axes
 + Level 6.1 Armour
 + Level 6.1 Shields


You had 8 spell levels left.
You didn't know any spells.
Your spell library was empty.

Dungeon Overview and Level Annotations

Branches:
Dungeon (7/15)             Temple (1/1) D:6

Altars:
Dithmenos
Fedhas
Gozag
Hepliaklqana
Kikubaaqudgha
Nemelex Xobeh
Okawaru
Ru
Sif Muna
Trog
Uskayaw
Vehumet
Wu Jian
Xom
Yredelemnul
The Shining One

Annotations:
D:3 2 transporters, Flugslaktarn's ghost, weakling DDFi


Innate Abilities, Weirdness & Mutations

You are resistant to damage.
You can heal yourself by infusing magical energy.
You passively map the area around you.
You do not regenerate.


Message History

The skeletal warrior hits you but does no damage.
You barely miss the skeletal warrior.
The skeletal warrior hits you from afar with a +0 halberd.
The skeletal warrior hits you with a +0 dire flail.
You hit the skeletal warrior but do no damage.
The skeletal warrior hits you from afar with a +0 halberd.
You block the skeletal warrior's attack.
You closely miss the skeletal warrior.
The skeletal warrior hits you but does no damage.
You block the skeletal warrior's attack.
You hit the skeletal warrior.
The skeletal warrior is lightly damaged.
The skeletal warrior hits you from afar with a +0 halberd!
The skeletal warrior hits you with a +0 dire flail.
You slash the skeletal warrior!
The skeletal warrior is lightly damaged.
The skeletal warrior hits you but does no damage. x2
Evoke which item? (* to show all) (? for menu, Esc to quit)
Okay, then.
Are you sure you want to abandon this character and quit the game? (Confirm with "yes".)

,,
###.#......###>##.#
, ,
*#...#.####........#
, ,+...#.#
#####.#### ** , ,,
*#...#.# #.# ,, ,, ,
, , , ###.#.# *#.# ,
, , #.#.######.... ,
, #..........###,,*
, ###.######, , ,
#♣# * * , #z# * ,*
*** * , #z# * *
#######.# * _
#.....#.### ≈ * ≈
####.....#...###.. *
.......z.$........ ,
* * *
##z.?...##.###.# ≈ ≈
* *#....$..# .#* ,*
,


You could see 2 skeletal warriors.

Vanquished Creatures
  Joseph (D:7)
  Eustachio (D:6)
  Edmund (D:6)
  Duvessa (D:7)
  An orc warrior (D:6)
  A phantom (D:7)
  An ogre (D:4)
  5 bullfrogs
  Dowan (D:7)
  A scorpion (D:4)
  An orc priest (D:4)
  A bullfrog skeleton (D:6)
  A centaur skeleton (D:5)
  A gnoll shaman (D:7)
  A hound (D:4)
  An iguana (D:4)
  6 orc wizards
  2 worker ants
  A worker ant zombie (D:5)
  5 gnolls (D:7)
  6 adders
  A shadow imp (D:6)
  2 white imps (D:6)
  An adder skeleton (D:4)
  2 worms (D:5)
  A dart slug (D:2)
  3 leopard geckos
  12 orcs
  4 bats
  9 giant cockroaches
  8 goblins
  6 hobgoblins
  2 jackals (D:4)
  3 quokkas
  2 ball pythons
  4 frilled lizards
  A goblin skeleton (D:6)
  2 goblin zombies (D:6)
  5 hobgoblin zombies (D:6)
  A jackal skeleton (D:4)
  5 kobolds
  A kobold skeleton (D:6)
  2 kobold zombies (D:6)
  2 orc zombies (D:6)
  4 rats
123 creatures vanquished.

Notes
Turn   | Place    | Note
-------+----------+-------------------------------------------
     0 | D:1      | Flugslaktarn the Deep Dwarf Fighter began the quest for the
                  | Orb.
     0 | D:1      | Reached XP level 1. HP: 20/20 MP: 1/1
   118 | D:1      | Reached XP level 2. HP: 24/27 MP: 2/2
   222 | D:2      | Reached XP level 3. HP: 25/34 MP: 3/3
   257 | D:2      | Reached skill level 3 in Axes
   525 | D:3      | Noticed Flugslaktarn's ghost (weakling DDFi)
   526 | D:3      | Found a transporter.
   539 | D:3      | Found a transporter.
   676 | D:4      | Reached XP level 4. HP: 41/42 MP: 3/3
   698 | D:4      | Reached XP level 5. HP: 19/50 MP: 3/3
   734 | D:4      | Reached skill level 4 in Axes
   881 | D:4      | Noticed an ogre
   894 | D:4      | Reached XP level 6. HP: 56/57 MP: 2/2
  1020 | D:4      | Found a shimmering blue altar of Sif Muna.
  1079 | D:4      | Reached skill level 5 in Axes
  1307 | D:5      | Entered Level 5 of the Dungeon
  1383 | D:5      | Found a blossoming altar of Fedhas.
  1437 | D:5      | Reached XP level 7. HP: 42/66 MP: 3/3
  1533 | D:5      | Found a sparkling altar of Nemelex Xobeh.
  1534 | D:5      | Found a sacrificial altar of Ru.
  1592 | D:5      | You fall into a shaft and drop 1 floor!
  1663 | D:6      | Reached skill level 5 in Fighting
  1914 | D:6      | Noticed Edmund
  1937 | D:6      | Killed Edmund
  1974 | D:6      | Found a glowing golden altar of the Shining One.
  2095 | D:6      | Noticed Eustachio
  2110 | D:6      | Killed Eustachio
  2110 | D:6      | Reached skill level 6 in Axes
  2110 | D:6      | Reached skill level 5 in Armour
  2110 | D:6      | Reached skill level 5 in Shields
  2120 | D:6      | Found a staircase to the Ecumenical Temple.
  2131 | Temple   | Entered the Ecumenical Temple
  2240 | D:6      | Reached XP level 8. HP: 34/75 MP: 3/3
  2401 | D:7      | Noticed Joseph
  2445 | D:7      | Killed Joseph
  2445 | D:7      | Reached skill level 7 in Axes
  2483 | D:7      | Noticed Duvessa
  2485 | D:7      | Noticed Dowan
  2494 | D:7      | Killed Duvessa
  2499 | D:7      | Killed Dowan
  2534 | D:7      | Gained mutation: You passively map the area around you.
                  | [Deep Dwarf growth]
  2534 | D:7      | Reached XP level 9. HP: 52/85 MP: 2/2
  2616 | D:7      | Noticed a skeletal warrior
  2618 | D:7      | Noticed a skeletal warrior
  2639 | D:7      | Quit the game

Illustrated notes

Levels and vault maps discovered:
D:1:      evilmike_arrival_plus, layout_loops_cross
D:2:      layout_rooms
D:3:      layout_basic, gammafunk_ghost_stat_death
D:4:      layout_rooms, led_sif_pool, minmay_goblin_kobold_house
D:5:      lemuel_ice_spiral_2, layout_rooms, gammafunk_temple_overflow_statue,
          basic_altar
D:6:      layout_basic, minmay_temple_entry_statues_pillars, nrook_mini_vaults,
          nicolae_tso_besieged_by_evil, uniq_edmund, uniq_eustachio
D:7:      layout_loops_ring, kennysheep_mini_moat,
          minmay_overflow_temple_star_hex, nicolae_dithmenos_shadow_blocks,
          uniq_maggie, uniq_joseph, uniq_duvessa, uniq_prince_ribbit1
Temple:   nicolae_temple_god_jail

Skill      XL: |  1  2  3  4  5  6  7  8 |
---------------+-------------------------+-----
Fighting       | 3 4 5 6 |  6.8
Axes           | 3 4 5 6 7 |  7.7
Shields        | 4 5 6 |  6.1
Armour         | 4 5 6 |  6.1

Action                   |  1- 3 |  4- 6 |  7- 9 || total
-------------------------+-------+-------+-------++-------
Melee: War axe           |   115 |   114 |   121 ||   350
       Broad axe         |       |       |   103 ||   103
 Abil: Heal Wounds       |     2 |     6 |    10 ||    18
  Use: Potion            |       |     1 |     2 ||     3
       Scroll            |       |     7 |     1 ||     8
Armor: Scale mail        |    61 |    44 |       ||   105
       Chain mail        |       |     7 |   101 ||   108
       Skin              |       |       |     6 ||     6
Dodge: Dodged            |    32 |    28 |    37 ||    97
Block: Kite shield       |    77 |    68 |   112 ||   257

Table legend: (Time is in decaauts)
 A = Elapsed time spent in this place.
 B = Non-inter-level travel time spent in this place.
 C = Inter-level travel time spent in this place.
 D = Time resting spent in this place.
 E = Time spent auto-exploring this place.
 F = Levels seen in this place.
 G = Mean time per level.
                   A        B        C        D        E       F      G
               +--------+--------+--------+--------+--------+-----+--------+
         Total |   2802 |   2674 |    128 |      0 |   1665 |   8 |  350.2 |
       Dungeon |   2748 |   2633 |    115 |      0 |   1626 |   7 |  392.6 |
        Temple |     53 |     40 |     13 |      0 |     39 |   1 |   53.0 |
               +--------+--------+--------+--------+--------+-----+--------+

Top non-repeatable levels by time:
     D:4: 700 daAuts
     D:5: 506 daAuts
     D:6: 479 daAuts
     D:7: 363 daAuts
     D:2: 310 daAuts
     D:3: 201 daAuts
     D:1: 186 daAuts
  Temple: 53 daAuts
